 Dungeon Crawl Stone Soup version 0.31-a0-210-gccc998df9b (webtiles) character file.

Game seed: 10762752004409106477

59 qw the Chopper (level 4, -2/28 HPs)
             Began as a Gargoyle Fighter on June 29, 2023.
             Slain by a gnoll
             ... wielding a +0 halberd
              (10 damage)
             ... on level 2 of the Dungeon.
             The game lasted 00:00:52 (1445 turns).

qw the Chopper (Gargoyle Fighter)                   Turns: 1445, Time: 00:00:52

Health: -2/28      AC: 10    Str: 21    XL:     4   Next: 3%
Magic:  4/4        EV:  9    Int:  9    God:
Gold:   76         SH:  4    Dex:  9    Spells: 3/3 levels left

rFire   + . .        Y - +0 war axe
rCold   + . .        c - +0 buckler
rNeg    + . .        b - +0 scale mail
rPois   inf          (no helmet)
rElec   +            l - scarf {rC+ rF+}
rCorr   .            (no gloves)
SInv    .            (no boots)
Will    .....        (no amulet) Stlth
                     (no ring)
HPRegen 0.24/turn    (no ring)
MPRegen 0.09/turn

%: no passive effects
@: no status effects
A: sickness immunity, AC +3, negative energy resistance 1, electricity
resistance, torment resistance 1, petrification resistance
a: no special abilities


You were on level 2 of the Dungeon.
You visited 1 branch of the dungeon, and saw 2 of its levels.

You collected 76 gold pieces.


Innate Abilities, Weirdness & Mutations

You are immune to sickness and miasma.
Your stone body is resilient. (AC +3)
You are immune to poison.
You resist negative energy. (rN+)
You are resistant to electric shocks. (rElec)
You are resistant to unholy torment.
You are immune to petrification.


   Skills:
 - Level 3.2 Fighting
 + Level 3.8 Axes
 - Level 3.2 Armour
 - Level 3.2 Shields


You had 3 spell levels left.
You didn't know any spells.
Your spell library was empty.

Inventory:

Hand Weapons
 a - a +0 hammer
 Y - a +0 war axe (weapon)
Armour
 b - a +0 scale mail (worn)
 c - a +0 buckler (worn)
 l - a scarf of resistance (worn)
Scrolls
 f - 2 scrolls of identify
 g - a scroll of teleportation
Potions
 d - 2 potions of might
 i - a potion of curing
 j - a potion of enlightenment {unknown}
 m - 2 potions of heal wounds {unknown}
 n - a potion of brilliance {unknown}

Dungeon Overview and Level Annotations

Branches:
Dungeon (2/15)

Altars:

Shops:
D:2 =

Annotations:
D:2 1 runed translucent door, Crazy Yiuf


Message History

Enter note:
Enter note:
Enter note:
Enter note:
Enter note:
Enter note:
Enter note:
Enter note:
Enter note:
Enter note:
Enter note:
Enter note:
1434 ||| Stepping ~*~*~tactically~*~*~ (hiding).
1435 ||| Stepping ~*~*~tactically~*~*~ (hiding).
1436 ||| Stepping ~*~*~tactically~*~*~ (hiding).
You hit the gnoll.
The gnoll is moderately wounded.
You block the gnoll's attack. The gnoll completely misses you.
You hit the gnoll.
The gnoll is heavily wounded.
You block the gnoll's attack.
You completely miss the gnoll.
The gnoll is heavily wounded.
The gnoll closely misses you.
You closely miss the gnoll. You closely miss the gnoll.
The gnoll hits you from afar with a +0 halberd!
The gnoll hits you with a +0 club. You block the gnoll's attack.
The gnoll hits you with a +0 flail! The gnoll hits you but does no damage.
You hit the gnoll.
The gnoll is severely wounded.
You closely miss the gnoll. You block the gnoll's attack.
The gnoll hits you with a +0 club. The gnoll barely misses you.
You slash the gnoll!
You kill the gnoll!
You closely miss the gnoll. The gnoll hits you but does no damage.
The gnoll hits you from afar with a +0 halberd!
You die...

..# #.#.###.# ..# #..... #...#
#:# ..# #..... #.### #.. ..#
#..... #.#####.## ### ###..(..
####....##.# #.....g..
#............ #.# ...###
#.########### #.#
###g#.###.##.#
####.###...g@..#.##.###
#..........)..##.##...#
##.#.................#.###
#...................##...#
##..#.#.#............####.#
#.<.#.#.......#.#....####.###
##.##.###+..+#####.........#.#
##..##.# #....# ##.##.##..#.#
#......# 7PP..7 #....##..#.#


You could see 2 gnolls.

Vanquished Creatures
  A gnoll (D:2)
  An adder (D:2)
  2 worms (D:2)
  3 dart slugs
  5 ball pythons (D:1)
  5 endoplasms
  A giant cockroach (D:2)
  5 goblins
  4 hobgoblins
  3 quokkas (D:1)
  3 bats
  2 frilled lizards
  A kobold (D:1)
  A rat (D:1)
37 creatures vanquished.

Notes
Turn   | Place    | Note
-------+----------+-------------------------------------------
     0 | D:1      | qw the Gargoyle Fighter began the quest for the Orb.
     0 | D:1      | Reached XP level 1. HP: 14/14 MP: 1/1
     0 | D:1      | 0 ||| qw: Version: 0.3-a-24-ga2abf7b
     0 | D:1      | 0 ||| qw: Game counter: 6976
     0 | D:1      | 0 ||| qw: Melee chars always use a shield: true
     0 | D:1      | 0 ||| qw: God list: Okawaru
     0 | D:1      | 0 ||| qw: Allow faded altars: false
     0 | D:1      | 0 ||| qw: Do Orc after clearing Dungeon:15 true
     0 | D:1      | 0 ||| qw: Do second Lair branch before Depths: true
     0 | D:1      | 0 ||| qw: Lair rune preference: random
     0 | D:1      | 0 ||| qw: Goals: Normal, Zot:1-4, Slime:5, God:TSO, Crypt,
                  | Tomb, Abyss, Pan, Hells, Win
     0 | D:1      | 0 ||| PLANNING D:1-11
   149 | D:1      | Reached XP level 2. HP: 19/19 MP: 2/2
   321 | D:1      | You fall into a shaft and drop 1 floor!
   358 | D:2      | Found Leidduc's Jewellery Shoppe.
   377 | D:2      | Reached skill level 3 in Axes
   377 | D:2      | Reached XP level 3. HP: 19/23 MP: 3/3
   401 | D:2      | 401 ||| SHOPLISTING +5 ring of evasion (396 gold, have 47).
   401 | D:2      | 401 ||| SHOPLISTING +6 ring of dexterity (396 gold, have
                  | 47).
   401 | D:2      | 401 ||| SHOPLISTING ring of Yseuh {Will+ Str+3} (421 gold,
                  | have 47).
   518 | D:2      | 518 ||| FLEEEEING.
   519 | D:2      | 519 ||| FLEEEEING.
   520 | D:2      | 520 ||| FLEEEEING.
   521 | D:2      | 521 ||| FLEEEEING.
   522 | D:2      | 522 ||| FLEEEEING.
   523 | D:2      | 523 ||| FLEEEEING.
   524 | D:2      | 524 ||| FLEEEEING.
   525 | D:2      | 525 ||| STAIRDANCE
   635 | D:1      | 635 ||| Stepping ~*~*~tactically~*~*~ (hiding).
   854 | D:1      | 854 ||| DROPPING +0 club.
   875 | D:1      | Found a faded altar of an unknown god.
   983 | D:1      | 983 ||| Stepping ~*~*~tactically~*~*~ (hiding).
  1224 | D:1      | 1224 ||| DROPPING +3 leather armour.
  1225 | D:1      | 1225 ||| UPGRADING to scarf of resistance.
  1230 | D:1      | 1230 ||| READING scroll labelled UXEDGH QOIC.
  1231 | D:1      | 1231 ||| READING 3 scrolls labelled GATRUR UDWU.
  1232 | D:1      | 1232 ||| READING 2 scrolls labelled OKHAUXZ ACSIYKH.
  1235 | D:1      | 1235 ||| READING scroll labelled WOP YRUPTIBEI.
  1236 | D:1      | 1236 ||| DRINKING 3 smoky ruby potions.
  1237 | D:1      | 1237 ||| DRINKING 2 metallic coppery potions.
  1238 | D:1      | 1238 ||| DRINKING 2 potions of curing.
  1238 | D:1      | 1238 ||| (to cure confusion)
  1239 | D:1      | 1239 ||| READING 2 scrolls of identify.
  1239 | D:1      | 1239 ||| IDENTIFYING pink potion
  1240 | D:1      | 1240 ||| DROPPING potion of invisibility.
  1241 | D:1      | 1241 ||| DROPPING potion of ambrosia.
  1262 | D:2      | 1262 ||| FLEEEEING.
  1263 | D:2      | 1263 ||| FLEEEEING.
  1264 | D:2      | 1264 ||| FLEEEEING.
  1265 | D:2      | 1265 ||| FLEEEEING.
  1266 | D:2      | 1266 ||| FLEEEEING.
  1267 | D:2      | 1267 ||| FLEEEEING.
  1283 | D:2      | 1283 ||| FLEEEEING.
  1363 | D:2      | Found a runed translucent door.
  1364 | D:2      | Noticed Crazy Yiuf
  1367 | D:2      | 1367 ||| DROPPING +0 whip.
  1394 | D:2      | Reached XP level 4. HP: 28/28 MP: 4/4
  1434 | D:2      | 1434 ||| Stepping ~*~*~tactically~*~*~ (hiding).
  1435 | D:2      | 1435 ||| Stepping ~*~*~tactically~*~*~ (hiding).
  1436 | D:2      | 1436 ||| Stepping ~*~*~tactically~*~*~ (hiding).
  1445 | D:2      | Slain by a gnoll

Levels and vault maps discovered:
D:1:      ncdulo_smallfort, layout_loops_ring,
          hellmonk_ecumenical_altar_crossroads, kennysheep_boxes
D:2:      layout_basic, serial_shops, shop, uniq_crazy_yiuf_cottage

Skill      XL: |  1  2 |
---------------+-------+-----
Axes           | 2 3 |  3.8
Fighting       | |  3.2
Armour         | |  3.2
Shields        | |  3.2

Action                     |  1- 3 |  4- 6 || total
---------------------------+-------+-------++-------
  Melee: War axe           |   101 |     7 ||   108
    Use: Scroll            |     5 |       ||     5
         Potion            |     3 |       ||     3
 Armour: Scale mail        |    35 |     2 ||    37
  Dodge: Dodged            |    45 |     3 ||    48
  Block: Buckler           |    15 |     4 ||    19

Table legend:
 A = Non-vault XP
 B = Vault XP
 C = Vault XP percentage of total XP
 D = Non-vault monster count
 E = Vault monster count
 F = Vault count percentage of total count
                 A         B        C        D         E       F
            +---------+---------+-------+---------+---------+-------
      Total |     100 |       0 |   0.0 |      37 |       0 |   0.0
            +---------+---------+-------+---------+---------+-------
        D:1 |      46 |       0 |   0.0 |      25 |       0 |   0.0
        D:2 |      54 |       0 |   0.0 |      12 |       0 |   0.0
            +---------+---------+-------+---------+---------+-------
